 Dungeon Crawl Stone Soup version 0.31-a0-1376-g36f0627844 (webtiles) character file.

Game seed: 14808741105543335307

186 Colgate the Chopper (level 5, -1/38 HPs)
             Began as a Demonspawn Gladiator on Dec 24, 2023.
             Slain by a gnoll
             ... wielding a +0 halberd
              (4 damage)
             ... on level 3 of the Dungeon.
             The game lasted 00:06:19 (2151 turns).

Colgate the Chopper (Demonspawn Gladiator)          Turns: 2151, Time: 00:06:20

Health: -1/38      AC:  8    Str: 16    XL:     5   Next: 38%
Magic:  5/5        EV: 11    Int:  8    God:
Gold:   99         SH:  0    Dex: 15    Spells: 4/4 levels left

rFire   . . .        b - +1 battleaxe (heavy)
rCold   . . .        (shield currently unavailable)
rNeg    . . .        p - +0 ring mail
rPois   .            c - +0 helmet
rElec   .            (no cloak)
rCorr   .            (no gloves)
SInv    +            (no boots)
Will    .....        o - amulet of the acrobat
Stlth   +            r - ring of see invisible
HPRegen 0.26/turn    (no ring)
MPRegen 0.09/turn

%: acrobat
@: no status effects
A: molten scales 1
a: no special abilities


You were on level 3 of the Dungeon.
You visited 1 branch of the dungeon, and saw 3 of its levels.

You collected 99 gold pieces.

Inventory:

Hand Weapons
 a - a +0 quarterstaff
 b - a +1 heavy battleaxe (weapon)
Missiles
 d - 2 throwing nets (quivered) {!f}
 e - a javelin
 h - 2 atropa-tipped darts
Armour
 c - a +0 helmet (worn)
 p - a +0 ring mail (worn)
Jewellery
 o - an amulet of the acrobat (around neck)
 r - a ring of see invisible (left hand)
Scrolls
 j - a scroll of immolation {unknown}
 k - a scroll of fog {unknown}
 l - a scroll of teleportation {unknown}
 m - a scroll of identify {unknown}
Potions
 f - 2 potions of resistance {unknown}
 g - a potion of degeneration {unknown}
 i - 4 potions of enlightenment {unknown}
 n - a potion of curing {unknown}
 q - a potion of invisibility {unknown}


   Skills:
 - Level 2.0 Fighting
 + Level 4.6 Axes
 - Level 2.9 Staves
 - Level 1.7 Throwing
 - Level 2.6 Dodging


You had 4 spell levels left.
You didn't know any spells.
Your spell library contained the following spells:

 Spells                   Type           Power      Damage    Failure   Level
 Gell's Gravitas          Tloc           0%         N/A       94%         3
 Teleport Other           Tloc           0%         N/A       94%         3
 Dispersal                Tloc           0%         N/A       100%        6


Dungeon Overview and Level Annotations

Branches:
Dungeon (3/15)

Altars:


Innate Abilities, Weirdness & Mutations

You are partially covered in molten scales. (AC +2)


Message History

You see here a +0 leather armour.
Found a stone staircase leading up.
No target in view!
A gnoll comes into view. It is wielding a +0 halberd.
Found a cloak.
The gnoll completely misses you.
A frilled lizard and 3 gnolls come into view.
Found 15 gold pieces.
The frilled lizard hisses angrily.
The gnoll shouts!
The gnoll completely misses you.
You hit the gnoll. The gnoll hits you with a +0 halberd!
The gnoll hits you with a +0 flail.
The gnoll hits you but does no damage. x2
A giant cockroach comes into view.
The gnoll closely misses you. The gnoll hits you with a +0 halberd.
The gnoll hits you but does no damage. The gnoll closely misses you.
You hit the gnoll. The gnoll barely misses you.
The gnoll hits you from afar with a +0 halberd.
The gnoll attacks as it pursues you! The gnoll completely misses you.
You barely miss the gnoll. The gnoll closely misses you.
The gnoll hits you with a +0 flail.
You closely miss the gnoll. The gnoll misses you. The gnoll closely misses you.
You slice the gnoll!!
You kill the gnoll!
The gnoll hits you with a +0 club. The gnoll hits you with a +0 club!
You hit the gnoll. The gnoll barely misses you.
The gnoll hits you with a +0 club.
* * * LOW HITPOINT WARNING * * *
You barely miss the gnoll. The gnoll hits you but does no damage.
The gnoll hits you with a +0 club.
* * * LOW HITPOINT WARNING * * *
You hit the gnoll but do no damage. The gnoll hits you with a +0 club.
* * * LOW HITPOINT WARNING * * *
The gnoll hits you with a +0 club.
* * * LOW HITPOINT WARNING * * *
You closely miss the gnoll. The gnoll closely misses you. x4
You hit the gnoll. The gnoll closely misses you.
The gnoll hits you with a +0 club.
* * * LOW HITPOINT WARNING * * *
The gnoll hits you from afar with a +0 halberd.
You die...

##################
#................#
########.##############.#
.......#.# #.# .......#.#
#.# .....$.#.# #.#
B......#@# #.# .......#g#
#######.# .......gl#
......... .......###
#########.# ..B....
.......<... ..[....
#########.# .......
.........# .......
########## ######.


You could see 2 gnolls and a frilled lizard.

Vanquished Creatures
  A phantom (D:3)
  A bombardier beetle (D:3)
  An adder (D:2)
  A gnoll (D:3)
  2 dart slugs
  4 orcs (D:3)
  An endoplasm (D:2)
  2 giant cockroaches
  4 goblins
  6 hobgoblins
  6 jackals
  4 kobolds
  2 quokkas
  3 ball pythons
  4 bats
  A frilled lizard (D:2)
  5 rats
48 creatures vanquished.

Notes
Turn   | Place    | Note
-------+----------+-------------------------------------------
     0 | D:1      | Colgate the Demonspawn Gladiator began the quest for the
                  | Orb.
     0 | D:1      | Reached XP level 1. HP: 16/16 MP: 1/1
    88 | D:1      | Reached skill level 1 in Axes
    92 | D:1      | Gained mutation: You are partially covered in molten
                  | scales. (AC +2) [demonic ancestry]
    92 | D:1      | Reached XP level 2. HP: 10/22 MP: 2/2
   459 | D:1      | HP: 1/22 [kobold/+0 whip (3)]
   464 | D:1      | Reached skill level 2 in Axes
   822 | D:2      | Reached XP level 3. HP: 27/27 MP: 3/3
  1443 | D:3      | Noticed an orc warrior
  1552 | D:3      | Reached skill level 3 in Axes
  1718 | D:3      | Reached XP level 4. HP: 33/33 MP: 4/4
  1761 | D:3      | Noticed a phantom
  1781 | D:3      | Killed a phantom
  1782 | D:3      | Reached skill level 4 in Axes
  1782 | D:3      | Reached XP level 5. HP: 24/38 MP: 5/5
  2151 | D:3      | Slain by a gnoll

Illustrated notes

Levels and vault maps discovered:
D:1:      scummos_arrival_simple_crosswalls, layout_basic
D:2:      layout_loops_ring
D:3:      layout_basic, gammafunk_temple_overflow_elements

Skill      XL: |  1  2  3  4 |
---------------+-------------+-----
Axes           | 1 2 3 4 |  4.6
Fighting       | |  2.0
Staves         | |  2.9
Throwing       | |  1.7
Dodging        | |  2.6

Action                     |  1- 3 |  4- 6 || total
---------------------------+-------+-------++-------
  Melee: Battleaxe         |   105 |    25 ||   130
         Quarterstaff      |     5 |       ||     5
  Throw: Throwing net      |     1 |       ||     1
 Armour: Leather armour    |    75 |       ||    75
         Ring mail         |    19 |    35 ||    54
  Dodge: Dodged            |   126 |    29 ||   155

Table legend: (Time is in decaauts)
 A = Elapsed time spent in this place.
 B = Non-inter-level travel time spent in this place.
 C = Inter-level travel time spent in this place.
 D = Time resting spent in this place.
 E = Time spent auto-exploring this place.
 F = Levels seen in this place.
 G = Mean time per level.
                   A        B        C        D        E       F      G
               +--------+--------+--------+--------+--------+-----+--------+
         Total |   2327 |   2207 |    120 |      6 |   1661 |   3 |  775.7 |
       Dungeon |   2327 |   2207 |    120 |      6 |   1661 |   3 |  775.7 |
               +--------+--------+--------+--------+--------+-----+--------+

Top non-repeatable levels by time:
     D:3: 848 daAuts
     D:1: 793 daAuts
     D:2: 685 daAuts
